 Dungeon Crawl Stone Soup version 0.31.0-32-g396128a36d (webtiles) character file.

Game seed: 14237162158791053252

127149 Ijustatesigmund the Warrior (level 17, -2/193 HPs)
             Began as an Oni Conjurer on Mar 8, 2024.
             Was the Champion of Cheibriados.
             Hit by a large rock thrown by a stone giant (33 damage)
             ... on level 1 of the Depths on Mar 12, 2024.
             The game lasted 01:19:51 (33856 turns).

Ijustatesigmund the Warrior (Oni Conjurer)         Turns: 33856, Time: 01:19:51

Health: -2/193     AC:  9    Str: 30    XL:     17   Next: 0%
Magic:  29/35      EV: 14    Int: 43    God:    Cheibriados [******]
Gold:   2221       SH:  5    Dex: 22    Spells: 29/44 levels left

rFire   + . .        d - +3 giant spiked club (venom)
rCold   + . .        (shield currently unavailable)
rNeg    . . .        J - +1 troll leather armour
rPois   .            (helmet restricted)
rElec   .            k - scarf {rC+ rF+}
rCorr   .            (gloves unavailable)
SInv    .            (boots unavailable)
Will    +....        E - amulet of reflection
Stlth   ++           I - ring of Generosity {AC+4 Int+3}
HPRegen 1.32/turn    B - ring of wizardry
MPRegen 0.24/turn

%: reflection, wizardry (x1)
@: mighty, very slightly contaminated, very slow
A: large, unfitting armour, horns 1, tough skin 1, double potion healing,
drunken brawling
a: Renounce Religion, Bend Time, Temporal Distortion, Slouch, Step From Time


You were on level 1 of the Depths.
You worshipped Cheibriados.
Cheibriados was exalted by your worship.
You visited 4 branches of the dungeon, and saw 22 of its levels.
You also visited: Bailey and Volcano.

You collected 3301 gold pieces.
You spent 1080 gold pieces at shops.

Inventory:

Hand Weapons
 d - a +3 giant spiked club of venom (weapon)
 g - a +4 flail of protection
Missiles
 u - 27 large rocks (quivered)
 G - 3 throwing nets
Armour
 k - a scarf of resistance (worn)
 r - a +2 cloak of fire resistance
 w - a +2 tower shield
 J - a +1 troll leather armour (worn)
Jewellery
 a - a +5 ring of evasion
 z - a ring of flight
 B - a ring of wizardry (right hand)
 D - a ring of wizardry
 E - an amulet of reflection (around neck)
 I - the ring of Generosity (left hand) {AC+4 Int+3}
   (You found it on level 9 of the Dungeon)

   [ring of protection]

   AC+4:      It affects your AC (+4).
   Int+3:     It affects your intelligence (+3).
 O - a ring of fire
 Y - a ring of resist corrosion
Talismans
 f - a granite talisman
Wands
 j - a wand of paralysis (12)
 p - a wand of roots (2)
 s - a wand of polymorph (14)
 x - a wand of acid (4)
 H - a wand of flame (53)
 T - a wand of digging (6)
 U - a wand of mindburst (10)
Scrolls
 c - 9 scrolls of revelation
 e - a scroll of amnesia
 h - 3 scrolls of brand weapon
 q - 3 scrolls of teleportation
 t - 5 scrolls of immolation
 K - 2 scrolls of poison
 M - 3 scrolls of vulnerability
 R - 2 scrolls of silence
 V - a scroll of acquirement
 X - a scroll of fear
 Z - a scroll of torment
Potions
 b - 2 potions of magic
 i - 3 potions of mutation
 l - 3 potions of attraction
 m - 3 potions of might
 n - 4 potions of haste
 o - 3 potions of brilliance
 v - 5 potions of ambrosia
 A - 3 potions of berserk rage
 C - 3 potions of enlightenment
 F - a potion of cancellation
 L - a potion of invisibility
 N - 6 potions of curing
 P - a potion of resistance
 Q - 4 potions of lignification
Miscellaneous
 y - a phial of floods
 S - a condenser vane


   Skills:
 + Level 17.6 Fighting
 + Level 10.0 Maces & Flails
 + Level 5.6 Throwing
 - Level 7.1 Armour
 - Level 6.2 Dodging
 - Level 1.4 Stealth
 + Level 14.3 Spellcasting
 + Level 7.8 Conjurations
 - Level 6.4 Translocations
 - Level 6.7 Earth Magic
 - Level 5.3 Alchemy
 + Level 13.8 Invocations
 - Level 3.4 Evocations


You had 29 spell levels left.
You knew the following spells:

 Your Spells              Type           Power      Damage    Failure   Level
a - Magic Dart            Conj           100%       1d8       1%          1
b - Searing Ray           Conj           100%       2d8       1%          2
c - Iskenderun's Mystic   Conj/Tloc      75%        2d15      1%          4
d - Irradiate             Conj/Alch      36%        3d23      1%          5
e - Stone Arrow           Conj/Erth      100%       3d13      1%          3

Your spell library contained the following spells:

 Spells                   Type           Power      Damage    Failure   Level
 Foxfire                  Conj/Fire      100%       2x1d9     1%          1
 Freeze                   Ice            100%       1d10      1%          1
 Shock                    Conj/Air       100%       1d9       1%          1
 Slow                     Hex            100%       N/A       1%          1
 Call Imp                 Summ           60%        N/A       1%          2
 Ensorcelled Hibernation  Hex/Ice        60%        N/A       1%          2
 Lesser Beckoning         Tloc           100%       N/A       1%          2
 Mercury Vapours          Alch/Air       100%       N/A       1%          2
 Momentum Strike          Conj/Tloc      100%       3d10      1%          2
 Sublimation of Blood     Necr           30%        N/A       1%          2
 Confusing Touch          Hex            30%        N/A       1%          3
 Dazzling Flash           Conj/Hex       100%       N/A       1%          3
 Frozen Ramparts          Ice            60%        1d10      1%          3
 Fugue of the Fallen      Necr           30%        N/A       1%          3
 Gell's Gravitas          Tloc           72%        N/A       1%          3
 Hailstorm                Conj/Ice       59%        3d11      1%          3
 Inner Flame              Hex/Fire       30%        N/A       1%          3
 Mephitic Cloud           Conj/Alch/Air  62%        N/A       1%          3
 Sigil of Binding         Hex            30%        N/A       1%          3
 Swiftness                Air            30%        N/A       1%          3
 Teleport Other           Tloc           72%        N/A       1%          3
 Tukima's Dance           Hex            30%        N/A       1%          3
 Vampiric Draining        Necr           30%        2d8       1%          3
 Volatile Blastmotes      Fire/Tloc      100%       2d18      1%          3
 Animate Armour           Summ/Erth      100%       N/A       1%          4
 Dimensional Bullseye     Hex/Tloc       28%        N/A       1%          4
 Fulminant Prism          Conj/Alch      36%        3d18      1%          4
 Leda's Liquefaction      Alch/Erth      35%        N/A       1%          4
 Petrify                  Alch/Erth      70%        N/A       1%          4
 Iskenderun's Battlesphe  Conj           78%        2d13      1%          5
 Airstrike                Air            15%        2d(3-19)  4%          4
 Anguish                  Hex/Necr       15%        N/A       4%          4
 Summon Lightning Spire   Summ/Air       30%        N/A       4%          4
 Freezing Cloud           Conj/Ice/Air   26%        6-21      4%          5
 Starburst                Conj/Fire      29%        6d9       12%         6
 Lehudib's Crystal Spear  Conj/Erth      38%        10d9      77%         8
 Summon Hydra             Summ           15%        N/A       96%         7
 Ignition                 Fire           15%        3d6       100%        8
 Maxwell's Capacitive Co  Air            15%        ∞         100%        8


Dungeon Overview and Level Annotations

Branches:
Dungeon (15/15)            Temple (1/1) D:5            Lair (5/5) D:10
  Swamp (0/4) Lair:2        Snake (0/4) Lair:3        Slime (0/5) Lair:4
    Orc (0/2) D:11         Vaults (0/5) D:13         Depths (1/4) D:15
 Bailey (visited)         Volcano (visited)

Altars:
Ashenzari
Cheibriados
Dithmenos
Elyvilon
Fedhas
Gozag
Hepliaklqana
Kikubaaqudgha
Makhleb
Nemelex Xobeh
Okawaru
Qazlal
Ru
Sif Muna
Trog
Uskayaw
Vehumet
Wu Jian
Xom
Yredelemnul
Zin
The Shining One
Jiyva
Lugonu

Shops:
D:1 ?   D:4 **   D:5 [   D:7 !   D:8 [=   D:13 *

Portals:
Abyss: Lair:5

Annotations:
D:9 3 runed translucent doors, purpleHaze's ghost, journeyman KoAl


Innate Abilities, Weirdness & Mutations

You are too large for most types of armour.
You have a pair of small horns on your head.
You have tough skin. (AC +1)
You gain doubled healing and magic from potions.
Whenever you drink a healing potion, you attack all around you.


Message History

You bludgeon the stone giant!!
The stone giant looks as sick as possible!
You headbutt the stone giant.
The stone giant is severely wounded.
The stone giant hits you!!
The stone giant throws a large rock.
The large rock barely misses you.
The hell knight utters an invocation to its god.
The hell knight seems to speed up.
Casting: Iskenderun's Mystic Blast (safe; 1% risk of failure)
Confirm with . or Enter, or press ? or * to list all spells.
You erupt in a blast of force!
The mystic blast hits the hell knight!!
You kill the hell knight!
Cheibriados appreciates the change of pace.
The mystic blast hits the deep troll!
The deep troll is severely wounded.
The deep troll is knocked back by the mystic blast.
The mystic blast hits the stone giant!
The stone giant is almost dead.
The mystic blast hits the iron troll!
The iron troll is moderately wounded.
The iron troll is knocked back by the mystic blast.
The stone giant hits you!!
* * * LOW HITPOINT WARNING * * *
The stone giant throws a large rock.
The large rock hits you!
* * * LOW HITPOINT WARNING * * *
You step out of the flow of time.
Cheibriados appreciates the change of pace.
You feel a bit more experienced.
You return to the normal time flow.
You have reached level 17!
As you read the scroll of fog, it dissolves into smoke.
You are confused.
You savour every drop.
You feel invigorated.
You feel less invigorated.
You feel less confused.
V - a scroll of acquirement The stone giant throws a large rock.
The large rock hits you!!!
* * * LOW HITPOINT WARNING * * *
The deep troll shouts!
The hell knight shouts!
You hear a shout!
The stone giant throws a large rock.
The large rock hits you!!
You die...

#........##.
#........#.
#........'
#.!......#
#......T.#
#........#
#....[...#
#.....@..#
#.§§....p#'###
#§.§§§........
#.§...........
#§§§..........
#§§§§.^...C...
#.)..(........
#.§§..........
#............§


You could see a stone giant, a hell knight and a deep troll.

Vanquished Creatures
  Frances (D:14)
  A stone giant (Depths:1)
  3 fire dragons
  An ettin (D:15)
  2 vault guards (Bailey)
  A yaktaur captain (D:15)
  A rakshasa (D:12)
  5 hydras
  An ice dragon (Depths:1)
  An alligator (Lair:2)
  An ogre mage (D:15)
  Erica (D:10)
  3 death knights (D:12)
  10 two-headed ogres
  6 centaur warriors
  2 tengu warriors
  A deep troll shaman (Depths:1)
  9 death yaks
  7 boulder beetles
  4 thrashing horrors (Lair:5)
  4 hell knights
  A deep elf knight (D:15)
  Lodul (D:14)
  5 skeletal warriors (D:14)
  2 deep trolls
  A skyshark (shapeshifter) (D:12)
  Pikel (D:7)
  An arcanist (D:15)
  An orc knight (D:15)
  2 deep elf archers (Volcano)
  7 deep elf pyromancers
  A necromancer (D:15)
  A deep elf zephyrmancer (D:15)
  8 manticores
  2 large abominations (Lair:5)
  2 orc sorcerers (D:15)
  6 cyclopes
  A salamander (shapeshifter) (D:12)
  15 ugly things
  4 meliai
  29 elephants
  A meliai (shapeshifter) (D:14)
  5 black mambas
  3 smoke demons (Lair:5)
  A torpor snail (Lair:4)
  A black mamba (shapeshifter) (D:13)
  9 cane toads
  A gargoyle (D:11)
  Jeremiah (D:7)
  Maggie (D:7)
  2 rime drakes
  3 yaktaurs (D:15)
  An efreet (D:14)
  A tengu conjurer (D:12)
  A merfolk (D:11)
  2 freezing wraiths
  5 komodo dragons
  6 trolls
  A troll (shapeshifter) (D:15)
  A queen bee (D:13)
  3 polar bears
  Prince Ribbit (Bailey)
  2 raiju (Lair:5)
  22 blink frogs
  15 slime creatures
  9 dream sheep (Lair:4)
  8 wyverns
  5 centaur simulacra (D:12)
  A spriggan (shapeshifter) (D:15)
  A shadow (D:12)
  3 water elementals (D:11)
  A hog (D:11)
  5 wraiths
  3 yaks (shapeshifter)
  A fire bat (shapeshifter) (Lair:5)
  A ynoxinul (Lair:5)
  12 basilisks
  4 fire elementals
  6 humans (Bailey)
  46 yaks
  7 fire bats
  A warg (D:10)
  3 vampire mosquitoes (D:13)
  A chaos spawn (Lair:5)
  A naga (Lair:3)
  11 water moccasins
  6 hell hounds
  2 acid dragons
  2 ice beasts (D:5)
  A swamp drake (Lair:2)
  7 black bears
  4 orc warriors
  12 small abominations (Lair:5)
  35 wolves
  8 ogres
  14 centaurs
  2 lemures (D:7)
  6 kobold brigands
  2 phantoms
  28 bullfrogs
  A gnoll sergeant (D:11)
  5 wights (D:9)
  25 killer bees
  2 lava snakes (D:9)
  8 electric eels
  11 howler monkeys
  2 bombardier beetles
  4 gnoll boudas
  12 orc priests
  4 hounds
  6 iguanas
  Crazy Yiuf (D:2)
  A sleepcap (D:6)
  17 orc wizards
  Ijyb (D:5)
  4 hell rats (Lair:1)
  5 adders
  10 gnolls
  2 white imps (D:7)
  4 dart slugs
  2 ribbon worms
  47 orcs
  4 endoplasms
  5 giant cockroaches
  10 hobgoblins
  5 jackals
  28 kobolds
  7 quokkas
  4 ball pythons
  7 bats
  4 frilled lizards
  6 goblins
  3 rats
761 creatures vanquished.

Vanquished Creatures (collateral kills)
  3 elephants (Lair:2)
3 creatures vanquished.

Grand Total: 764 creatures vanquished

Notes
Turn   | Place    | Note
-------+----------+-------------------------------------------
     0 | D:1      | Ijustatesigmund the Oni Conjurer began the quest for the
                  | Orb.
     0 | D:1      | Reached XP level 1. HP: 16/16 MP: 3/3
   309 | D:1      | Reached skill level 1 in Fighting
   423 | D:1      | Reached XP level 2. HP: 27/27 MP: 2/5
   457 | D:1      | Learned a level 2 spell: Searing Ray
  1242 | D:1      | Found Seigywuf's Magic Scroll Emporium.
  1342 | D:1      | Reached XP level 3. HP: 14/35 MP: 2/7
  1557 | D:1      | Reached skill level 2 in Fighting
  2617 | D:2      | Reached XP level 4. HP: 44/44 MP: 5/8
  2632 | D:2      | Reached skill level 3 in Fighting
  2800 | D:2      | Found a runed translucent door.
  2801 | D:2      | Noticed Crazy Yiuf
  3613 | D:3      | Reached XP level 5. HP: 54/54 MP: 8/10
  4268 | D:4      | Found a bloodstained altar of Trog.
  4279 | D:4      | Reached skill level 4 in Fighting
  4292 | D:4      | Reached skill level 1 in Maces & Flails
  4438 | D:4      | Noticed a phantom
  4445 | D:4      | Killed a phantom
  4446 | D:4      | Reached XP level 6. HP: 65/65 MP: 5/12
  4533 | D:4      | Reached skill level 5 in Fighting
  4883 | D:1      | Bought a scroll of identify for 22 gold pieces
  4883 | D:1      | Bought a scroll of revelation for 82 gold pieces
  4883 | D:1      | Bought a scroll of blinking for 82 gold pieces
  4883 | D:1      | Bought a scroll of poison for 44 gold pieces
  4978 | D:2      | Killed Crazy Yiuf
  5236 | D:4      | Found a hazy altar of Hepliaklqana.
  5263 | D:4      | Reached skill level 5 in Spellcasting
  5263 | D:4      | Reached XP level 7. HP: 71/72 MP: 5/14
  5492 | D:4      | Found a hide-covered altar of Uskayaw.
  5631 | D:4      | Found Nobreluw's Specific Store.
  5643 | D:4      | Found Fuhenith's General Store.
  5716 | D:5      | Entered Level 5 of the Dungeon
  5716 | D:5      | Noticed Ijyb
  5741 | D:5      | Killed Ijyb
  5829 | D:5      | Reached skill level 6 in Fighting
  5998 | D:5      | Found a staircase to the Ecumenical Temple.
  6008 | Temple   | Entered the Ecumenical Temple
  6043 | D:5      | Learned a level 4 spell: Iskenderun's Mystic Blast
  6473 | D:5      | Reached XP level 8. HP: 84/84 MP: 11/16
  6477 | D:5      | Reached skill level 7 in Fighting
  6477 | D:5      | Reached skill level 1 in Translocations
  6715 | D:5      | Found Esinukhlestru's Antique Armour Shop.
  6804 | D:5      | Found a shimmering altar of Xom.
  6813 | D:5      | Found a glowing golden altar of the Shining One.
  7514 | D:7      | Noticed Maggie
  7534 | D:7      | Killed Maggie
  7535 | D:7      | Reached skill level 8 in Fighting
  7535 | D:7      | Reached skill level 5 in Maces & Flails
  7535 | D:7      | Reached XP level 9. HP: 52/96 MP: 13/19
  7891 | D:7      | Noticed Pikel
  7910 | D:7      | Killed Pikel
  8261 | D:7      | Noticed Jeremiah
  8307 | D:7      | Killed Jeremiah
  8308 | D:7      | Reached skill level 9 in Fighting
  8616 | D:7      | Found Cientaus's Distillery.
  8625 | D:7      | Bought a potion of heal wounds for 65 gold pieces
  8625 | D:7      | Bought a potion of heal wounds for 65 gold pieces
  8625 | D:7      | Identified a scroll of acquirement
  8625 | D:7      | Acquired 921 gold pieces
  8719 | D:7      | Identified the +0 scale mail "Rijoj" {Fly Str+2}
 10241 | D:8      | Found a snail-covered altar of Cheibriados.
 10256 | D:8      | Became a worshipper of Cheibriados the Contemplative
 10325 | D:8      | Found a blossoming altar of Fedhas.
 10342 | D:8      | Found Qanemp's Armour Emporium.
 10489 | D:8      | Found Oczemoupp's Jewellery Shoppe.
 10496 | D:8      | Bought a ring of wizardry for 360 gold pieces
 10496 | D:8      | Bought an amulet of reflection for 360 gold pieces
 10531 | D:8      | Reached skill level 1 in Invocations
 10538 | D:8      | Reached XP level 10. HP: 99/109 MP: 20/22
 10785 | D:8      | Found a white marble altar of Elyvilon.
 10786 | D:8      | Found a sparkling altar of Nemelex Xobeh.
 10789 | D:8      | Found a glowing silver altar of Zin.
 11006 | D:9      | Reached skill level 1 in Evocations
 11104 | D:9      | Reached * piety under Cheibriados
 11213 | D:9      | Found a runed translucent gate.
 11214 | D:9      | Found a runed translucent gate.
 11215 | D:9      | Found a runed translucent gate.
 11222 | D:9      | Reached skill level 10 in Fighting
 11513 | D:9      | Noticed purpleHaze's ghost (journeyman KoAl)
 12314 | D:9      | Reached ** piety under Cheibriados
 12721 | D:9      | Identified the ring of Generosity {AC+4 Int+3}
 13254 | D:9      | Found a viscous altar of Jiyva.
 13282 | D:10     | Entered Level 10 of the Dungeon
 13364 | D:10     | Reached skill level 11 in Fighting
 13369 | D:10     | Reached skill level 5 in Invocations
 13403 | D:10     | Found a flagged portal.
 13414 | Bailey   | Entered a bailey
 13615 | Bailey   | Learned a level 5 spell: Irradiate
 13937 | Bailey   | Reached *** piety under Cheibriados
 13943 | Bailey   | Reached XP level 11. HP: 85/120 MP: 15/23
 13946 | Bailey   | Reached skill level 1 in Alchemy
 14286 | Bailey   | Noticed a vault guard
 14286 | Bailey   | Noticed Prince Ribbit
 14295 | Bailey   | Killed Prince Ribbit
 14298 | Bailey   | Killed a vault guard
 14497 | Bailey   | Noticed a vault guard
 14512 | Bailey   | Killed a vault guard
 15067 | D:10     | Found a radiant altar of Vehumet.
 15340 | D:10     | Noticed a centaur warrior
 15345 | D:10     | Killed a centaur warrior
 15599 | D:10     | Noticed a two-headed ogre
 15604 | D:10     | Reached skill level 1 in Armour
 15612 | D:10     | Killed a two-headed ogre
 15616 | D:10     | Reached **** piety under Cheibriados
 16053 | D:10     | Found a staircase to the Lair.
 16056 | D:10     | Noticed Erica
 16060 | D:10     | HP: 6/123 [something/bolt of poison (16)]
 16073 | Lair:1   | Entered Level 1 of the Lair of Beasts
 16386 | Lair:1   | Reached skill level 5 in Armour
 16544 | D:10     | Killed Erica
 16545 | D:10     | Reached XP level 12. HP: 132/132 MP: 25/25
 16606 | D:10     | Reached ***** piety under Cheibriados
 16749 | D:10     | Got Sif Muna's Secrets of the Fulgent Burn
 16850 | D:10     | Reached skill level 12 in Fighting
 17429 | D:11     | Got the Writings on Noxious Fumes
 17961 | D:11     | Reached skill level 5 in Translocations
 18075 | D:11     | Noticed a two-headed ogre
 18080 | D:11     | Killed a two-headed ogre
 18148 | D:11     | Found a shadowy altar of Dithmenos.
 18939 | D:11     | Found a staircase to the Orcish Mines.
 18983 | D:11     | Reached ****** piety under Cheibriados
 19041 | D:11     | Noticed a two-headed ogre
 19087 | D:11     | Noticed a two-headed ogre
 19092 | D:11     | Killed a two-headed ogre
 19093 | D:11     | Reached skill level 5 in Conjurations
 19146 | D:11     | Noticed a two-headed ogre
 19152 | D:11     | Killed a two-headed ogre
 19153 | D:11     | Reached skill level 1 in Throwing
 19231 | D:11     | Killed a two-headed ogre
 19232 | D:11     | Reached XP level 13. HP: 99/141 MP: 26/26
 19973 | D:12     | Reached skill level 10 in Spellcasting
 20189 | D:12     | Reached skill level 13 in Fighting
 20971 | D:12     | Found a snail-covered altar of Cheibriados.
 21100 | D:12     | Identified the +7 shortbow of the Queen {freeze, Int+4}
 21111 | D:12     | HP: 5/144 [death knight/+0 broad axe (26)]
 21114 | D:13     | Found Zin's Purification Station.
 21114 | D:13     | Found a glowing silver altar of Zin.
 21672 | Lair:1   | Identified the +11 sling of Amortisation {heavy, Fly rC+
                  | Int+2}
 21710 | Lair:1   | Identified the +8 long sword of Ibriyhah {flame, rElec}
 21842 | Lair:1   | Reached skill level 5 in Alchemy
 21884 | Lair:1   | HP: 7/144 [elephant (12)]
 22427 | Lair:2   | Learned a level 3 spell: Stone Arrow
 22443 | Lair:2   | Reached XP level 14. HP: 154/154 MP: 23/28
 22447 | Lair:2   | Reached skill level 1 in Earth Magic
 22566 | Lair:2   | Found a staircase to the Swamp.
 22576 | Lair:2   | Reached skill level 14 in Fighting
 22626 | Lair:2   | Found a dark tunnel.
 22636 | Volcano  | Entered a volcano
 23005 | Volcano  | Reached skill level 10 in Invocations
 23811 | Lair:3   | Found a staircase to the Snake Pit.
 24769 | Lair:4   | Found a viscous altar of Jiyva.
 24769 | Lair:4   | Found a staircase to the Slime Pits.
 25192 | Lair:4   | Reached skill level 15 in Fighting
 25434 | Lair:4   | Reached skill level 5 in Earth Magic
 25488 | Lair:4   | Reached XP level 15. HP: 167/167 MP: 31/31
 26221 | Lair:5   | Entered Level 5 of the Lair of Beasts
 26593 | Lair:5   | Reached skill level 5 in Dodging
 27338 | Lair:5   | Identified the +1 hand axe "Backscratcher" {heavy, rC+ rN+}
 27451 | Lair:5   | Reached skill level 16 in Fighting
 27465 | Lair:5   | Found a corrupted altar of Lugonu.
 27465 | Lair:5   | Found a one-way gate to the infinite horrors of the Abyss.
 27607 | Lair:5   | Found the +2 hood of the Assassin {Detect Stab+ Stlth++}
 28906 | D:12     | Identified the death talisman of Card Tricks {*Corrode
                  | Str+3 Slay+2}
 29813 | D:13     | Reached XP level 16. HP: 180/180 MP: 24/33
 30070 | D:13     | Found a gate to the Vaults.
 30770 | D:14     | Noticed Frances
 30780 | D:14     | Killed Frances
 31045 | D:14     | Reached skill level 17 in Fighting
 31322 | D:14     | Noticed Lodul
 31328 | D:14     | Killed Lodul
 31519 | D:14     | Found a hazy altar of Hepliaklqana.
 31715 | D:15     | Entered Level 15 of the Dungeon
 31981 | D:15     | Identified the +1 robe of Optimism {Dex+3 Stlth+}
 32369 | D:15     | Reached skill level 5 in Throwing
 32801 | D:15     | Found a staircase to the Depths.
 33595 | Depths:1 | Entered Level 1 of the Depths
 33844 | Depths:1 | Reached skill level 10 in Maces & Flails
 33847 | Depths:1 | Reached XP level 17. HP: 25/193 MP: 3/35
 33856 | Depths:1 | Hit by a large rock thrown by a stone giant

Illustrated notes

Levels and vault maps discovered:
D:1:      arrival_zaba_pyramid, layout_basic, serial_shops, shop,
          grunt_decor_arrowhead, hangedman_abyss_or_decor_lesser_grid
D:2:      layout_rooms, uniq_crazy_yiuf_cottage
D:3:      layout_basic
D:4:      layout_rooms, overflow_temple_1_default, mainiacjoe_overflow_alcove_2,
          mainiacjoe_overflow_tiny_flanked, nicolae_specific_store
D:5:      layout_rooms, mainiacjoe_overflow_swirl, minmay_temple_entry_junction,
          serial_shops, shop_fountains, st_stairs_9, uniq_ijyb
D:6:      layout_loops_ring, dk_noncrumbling_2
D:7:      layout_cave_pods, serial_shops, nicolae_lakefront_shop, uniq_jeremiah,
          uniq_pikel, uniq_maggie
D:8:      layout_basic, lemuel_round_altar, amcnicky_altar_gilded, minitemple,
          serial_shops, nicolae_shop_hallway_plus, shop
D:9:      layout_basic, gammafunk_ghost_ooze, hangedman_incinerator
D:10:     cheibrodos_barr_body, layout_grid_maze,
          nicolae_overflow_crystal_walls, erik_lair_orcish_takeover,
          lightli_bailey_entry_fortress, uniq_erica
D:11:     kennysheep_town
D:12:     regret_index_reflect_refract, layout_loops_cross, chei_slow_surprise
D:13:     layout_roguey, hellmonk_vaults_attempted_burglary, special_room
          [special_room_bee], chequers_serial_rivers_micro_e, zin_purify
D:14:     layout_long_grid, hangedman_abyss_or_decor_passed,
          nzn_hepliaklqana_mist_gate, uniq_frances, uniq_lodul
D:15:     hangedman_depths_entry_civil_slaughter, layout_stronghold,
          chequers_serial_rivers_micro_b, minmay_shattered_shrine
Temple:   grunt_temple_mini_profane
Lair:1:   layout_regular_city
Lair:2:   layout_loops_ring, mainiacjoe_swamp_entry_lozenge_pond,
          nicolae_volcano_entry_batcave
Lair:3:   layout_chaotic_city, guppyfry_snake_entry_garden
Lair:4:   layout_cave_pods, slime_entry_1, kennysheep_basilisk_garden,
          serial_bayou_shore_a, grunt_megastairs_2
Lair:5:   hellmonk_lair_end_abyssal_woods, layout_loops_ring, minivault_11,
          grunt_megastairs_5, lemuel_fruit_fields
Depths:1: layout_gridlike, kennysheep_boxes, abyss_entry, grunt_metal_band,
          kennysheep_generic_room_13

Skill      XL: |  1  2  3  4  5  6  7  8  9 10 11 12 13 14 15 16 |
---------------+-------------------------------------------------+-----
Fighting       | 1 2 3 4 5 6 8 9 11 12 13 15 16 17 | 17.6
Spellcasting   | 3 4 5 7 8 9 10 12 13 14 | 14.3
Conjurations   | 4 5 6 7 |  7.8
Maces & Flails | 1 2 3 5 6 7 8 9 10 | 10.0
Translocations | 3 4 5 6 |  6.4
Dodging        | 2 4 6 |  6.2
Invocations    | 1 5 6 7 9 11 12 13 | 13.8
Evocations     | 3 |  3.4
Alchemy        | 2 4 5 |  5.3
Armour         | 6 7 |  7.1
Throwing       | 1 3 5 |  5.6
Earth Magic    | 5 6 |  6.7
Stealth        | |  1.4

Action                     |  1- 3 |  4- 6 |  7- 9 | 10-12 | 13-15 | 16-18 || total
---------------------------+-------+-------+-------+-------+-------+-------++-------
  Melee: Short sword       |    44 |       |       |       |       |       ||    44
         Headbutt          |     3 |     5 |    18 |    83 |   173 |    37 ||   319
         Punch             |     1 |       |     2 |       |       |       ||     3
         Flail             |       |    10 |    76 |       |       |       ||    86
         Giant spiked club |       |       |    94 |   393 |   622 |   140 ||  1249
  Throw: Large rock        |       |       |       |     2 |    29 |    59 ||    90
   Cast: Magic Dart        |    74 |    70 |    64 |    52 |    22 |     3 ||   285
         Searing Ray       |     3 |     7 |    24 |     7 |       |       ||    41
         Iskenderun's Myst |       |       |     1 |    42 |    48 |    28 ||   119
         Irradiate         |       |       |       |    13 |    40 |    15 ||    68
         Stone Arrow       |       |       |       |       |       |     3 ||     3
 Invoke: Slouch            |       |       |       |       |     2 |     4 ||     6
         Bend Time         |       |       |       |       |     1 |       ||     1
         Step From Time    |       |       |       |       |       |     1 ||     1
  Evoke: Wand              |       |       |     4 |    13 |    22 |     3 ||    42
    Use: Scroll            |       |     4 |    12 |    10 |    16 |     1 ||    43
         Potion            |       |       |     6 |     3 |     5 |     4 ||    18
   Stab: Invisible         |       |       |     3 |       |       |     3 ||     6
         Sleeping          |       |       |       |     5 |     4 |       ||     9
         Distracted        |       |       |       |     1 |     3 |       ||     4
 Armour: Robe              |    50 |    20 |   104 |       |       |       ||   174
         Steam dragon scal |       |       |    82 |   365 |       |       ||   447
         Troll leather arm |       |       |       |   193 |   992 |   229 ||  1414
  Dodge: Dodged            |    44 |    14 |   102 |   295 |   577 |   151 ||  1183
  Block: Other             |       |       |     4 |   116 |   207 |    36 ||   363
         Reflection        |       |       |       |     6 |    11 |     2 ||    19
